AoeStats
← BarroZo

Baltic

513471802Analyzed
3v3 RM · 3d ago on Oct 13, 2026· 99m 45s· 6 players
Game mode
Random Map
Map size
Normal (6 player)
Population
200
Speed
Normal
Resources
Standard
Victory
Conquest
Starting age
Dark Age
Ending age
Imperial Age
RankedLock teamsTeams togetherTeam positionsShared explorationLock speedFull tech treeHidden civsTurbo modeCheats
Victory
Defeat
🇹🇷 Japanese · Türkiye
954
+15
🇵🇹 Varangians · Portugal
902
+17
🇹🇷 Vietnamese · Türkiye
902
+17
vs
🇳🇴 Spanish · Norway
961
-17
🇳🇴 Georgians · Norway
957
-50
🇨🇦 Franks · Canada
887
-15
BarroZo
0:29 Loom
16:05 Feudal Age
17:30 Horse Collar
17:42 Double-Bit Axe
20:44 Castle Age
22:16 Wheelbarrow
24:43 Scale Barding Armor
28:15 Chain Barding Armor
28:08 Forging
27:27 Vendel Legacy
28:23 Caravan
32:17 Imperial Age
32:22 Bloodlines
32:12 Husbandry
32:34 Town Watch
35:11 Iron Casting
35:13 Plate Barding Armor
35:14 Iron Casting
34:44 Cavalier
35:51 Conscription
46:33 Hand Cart
49:31 Gold Mining
51:30 Fortified Wall
51:42 Ballistics
53:17 Bow Saw
57:12 Blast Furnace
65:22 Masonry
65:24 Fletching
Cleo[FTR]
1:01 Loom
12:27 Feudal Age
14:17 Horse Collar
16:50 Wheelbarrow
20:16 Castle Age
22:15 Scale Barding Armor
22:22 Forging
22:33 Double-Bit Axe
24:42 Stone Mining
24:45 Gold Mining
25:08 Pikeman
26:24 Fletching
33:07 Gambesons
33:24 Squires
37:41 Imperial Age
36:57 Ballistics
42:23 Scale Mail Armor
42:57 Bodkin Arrow
45:59 Chain Mail Armor
45:32 Arson
45:54 Town Watch
47:07 Iron Casting
46:34 Padded Archer Armor
47:05 Elite Samurai
49:14 Plate Mail Armor
49:45 Blast Furnace
49:45 Yasama
51:39 Hand Cart
52:08 Town Patrol
53:30 Gold Shaft Mining
53:12 Halberdier
54:12 Leather Archer Armor
55:31 Bow Saw
56:07 Coinage
55:01 Elite Skirmisher
55:50 Thumb Ring
56:33 Bracer
57:04 Ring Archer Armor
58:35 Imperial Skirmisher
63:10 Chemistry
66:20 Ring Archer Armor
69:06 Chain Barding Armor
69:27 Hoardings
80:20 Banking
88:48 Two-Man Saw
98:34 Treadmill Crane
99:35 Demolition Ship
100:28 Medium Warships
yasinay
0:38 Loom
12:01 Feudal Age
13:43 Double-Bit Axe
15:29 Horse Collar
21:14 Castle Age
20:40 Gold Mining
20:43 Stone Mining
22:14 Husbandry
22:25 Bloodlines
23:08 Bow Saw
23:06 Heavy Plow
25:01 Stone Shaft Mining
27:09 Thumb Ring
27:33 Padded Archer Armor
27:24 Fletching
29:24 Chatras
30:17 Leather Archer Armor
29:58 Bodkin Arrow
30:04 Scale Mail Armor
32:58 Wheelbarrow
32:11 Town Watch
36:56 Imperial Age
34:47 Hand Cart
34:38 Town Patrol
39:01 Ring Archer Armor
41:54 Chemistry
41:21 Elite Skirmisher
42:47 Elite Rattan Archer
44:01 Imperial Skirmisher
44:46 Bracer
45:01 Chain Mail Armor
45:42 Paper Money
47:56 Plate Mail Armor
49:05 Scale Barding Armor
49:10 Forging
49:19 Elite Battle Elephant
58:43 Ballistics
68:58 Capped Ram
74:46 Caravan
86:34 Devotion
87:37 Faith
100:51 Iron Casting
100:37 Chain Barding Armor
MEND1C
9:40 Loom
19:44 Feudal Age
24:40 Bloodlines
27:16 Wheelbarrow
28:47 Double-Bit Axe
33:45 Castle Age
40:14 Scale Barding Armor
40:24 Forging
40:26 Fletching
41:08 Hand Cart
47:26 Redemption
47:33 Fervor
54:03 Husbandry
55:54 Chain Barding Armor
56:11 Iron Casting
55:40 Scale Mail Armor
63:00 Murder Holes
63:30 Fortified Wall
63:05 Treadmill Crane
63:48 Ballistics
71:41 Chain Mail Armor
74:55 Imperial Age
82:21 Blast Furnace
87:32 Plate Mail Armor
87:39 Plate Barding Armor
vivrant
13:41 Feudal Age
20:25 Castle Age
20:47 Scale Barding Armor
20:53 Forging
22:24 Forging
22:44 Chain Barding Armor
23:12 Husbandry
32:30 Iron Casting
35:07 Fletching
35:36 Scale Mail Armor
44:07 Imperial Age
43:32 Caravan
45:28 Cavalier
47:05 Plate Barding Armor
47:31 Blast Furnace
48:27 Paladin
50:41 Paladin
53:12 Paladin
66:57 Fortified Wall
Mendic
8:46 Loom
10:42 Feudal Age
12:03 Double-Bit Axe
12:00 Horse Collar
13:25 Town Watch
20:57 Castle Age
20:59 Stone Mining
20:59 Gold Mining
22:54 Bow Saw
24:34 Husbandry
24:45 Bloodlines
24:36 Padded Archer Armor
24:28 Fletching
25:50 Medium Warships
27:39 Wheelbarrow
27:23 Inquisition
29:50 Leather Archer Armor
29:32 Bodkin Arrow
30:03 Fortified Wall
30:04 Masonry
31:48 Fervor
36:36 Redemption
43:58 Imperial Age
43:59 Ballistics
43:35 Murder Holes
44:13 Elite Conquistador
45:51 Forging
45:41 Scale Mail Armor
46:12 Ring Archer Armor
47:13 Chemistry
46:45 Architecture
47:18 Theocracy
47:02 Block Printing
47:55 Supremacy
48:03 Chain Mail Armor
48:23 Iron Casting
47:12 Pikeman
47:53 Halberdier
48:35 Squires
50:31 Hoardings
50:11 Elite Cannon Galleon
55:46 Blast Furnace
55:16 Plate Mail Armor
54:47 Bracer
55:34 Clinker Construction
55:37 Careening
61:37 Carvel Hull
68:49 Scale Barding Armor
69:57 Conscription
69:19 Cavalier
71:18 Chain Barding Armor
73:23 Plate Barding Armor
72:13 Paladin
74:43 Sanctity
94:23 Light Cavalry
Connection lost

Rejoining the realm…

Still unreachable

The connection could not be restored.

Session expired

The server has moved on; the page needs a fresh start.